 Dungeon Crawl Stone Soup version 0.25-a0-1113-g0499d652a8 (webtiles) character file.

Game seed: 402522901065909796, levelgen mode: classic

126 Amnesiac the Digger (level 4, 0/30 HPs)
             Began as a Vampire Earth Elementalist on May 17, 2020.
             Slain by an orc (2 damage)
             ... on level 4 of the Dungeon.
             The game lasted 00:03:41 (629 turns).

Amnesiac the Digger (Vampire Earth Elementalist)     Turns: 629, Time: 00:03:41

Health: 0/30       AC:  3    Str:  7    XL:     4   Next: 84%
Magic:  0/8        EV: 12    Int: 18    God:
Gold:   0          SH:  0    Dex: 14    Spells: 6/9 levels left

rFire    . . .     SeeInvis +   (no weapon)
rCold    . . .     Gourm    .   (no shield)
rNeg     . . .     Faith    .   c - +0 robe
rPois    .         Spirit   .   f - +0 helmet
rElec    .         Reflect  .   (no cloak)
rCorr    .         Harm     .   (no gloves)
MR       .....                  (no boots)
Stlth    ++........             (no amulet)
HPRegen  0.30/turn              (no ring)
MPRegen  0.11/turn              (no ring)

@: lethally poisoned (0 -> -2), very slightly contaminated, regenerating quickly
A: no food, fangs 3, see invisible, unbreathing
a: Exsanguinate


You were on level 4 of the Dungeon.
You were alive.

You visited 1 branch of the dungeon, and saw 4 of its levels.

Inventory:

Missiles
 b - 19 stones (quivered)
Armour
 c - a +0 robe (worn)
 f - a +0 helmet (worn)
Scrolls
 a - 2 scrolls of immolation {!r}


   Skills:
 - Level 2.1 Dodging
 - Level 3.0 Stealth
 + Level 3.1 Spellcasting
 - Level 1.1 Transmutations
 * Level 4.9 Earth Magic


You had 6 spell levels left.
You knew the following spells:

 Your Spells              Type           Power        Failure   Level  Hunger
a - Sandblast             Erth           ###...       2%          1    N/A
b - Passwall              Tmut/Erth      ##......     7%          2    N/A

Your spell library contained the following spells:

 Spells                   Type           Power        Failure   Level  Hunger
 Stone Arrow              Conj/Erth      ##....       17%         3    N/A
 Petrify                  Tmut/Erth      ##......     43%         4    N/A
 Lee's Rapid Deconstruct  Erth           ###.......   52%         5    N/A

Dungeon Overview and Level Annotations

Branches:
Dungeon (4/15)
 Temple: D:4-7

Altars:

Shops:
D:4 [


Innate Abilities, Weirdness & Mutations

You do not eat.
Your natural rate of healing is unusually fast.
You have razor-sharp teeth.
You have supernaturally acute eyesight. (SInv)
You can survive without breathing.


Message History

Aim: an orc wizard, wielding a +2 dagger of venom and wearing a +0 robe (almost dead, slightly transparent)
The blast of sand hits the orc wizard.
The orc wizard is almost dead.
b - 21 stones You feel sick.
The orc wizard gestures at you while chanting.
The magic dart hits you.
* * * LOW HITPOINT WARNING * * *
The orc barely misses you.
Casting: Sandblast (safe; 2% risk of failure)
Confirm with . or Enter, or press ? or * to list all spells.
Aiming: Sandblast (safe; 2% risk of failure)
Press: ? - help, Shift-Dir - straight line, f/p - orc wizard
Aim: an orc wizard, wielding a +2 dagger of venom and wearing a +0 robe (almost dead, slightly transparent)
The blast of sand hits the orc wizard!
You kill the orc wizard!
b - 20 stones You feel sick.
The orc barely misses you.
Casting: Sandblast (safe; 2% risk of failure)
Confirm with . or Enter, or press ? or * to list all spells.
You don't have enough magic to cast that spell.
Casting: Sandblast (safe; 2% risk of failure)
Confirm with . or Enter, or press ? or * to list all spells.
You don't have enough magic to cast that spell.
You feel sick.
You feel sick.
You see here a scroll labeled HOJA PUMOUTE {!r}.
a - 2 scrolls labeled HOJA PUMOUTE {!r} (gained 1)
You feel sick. The orc barely misses you. The orc closely misses you.
You feel sick.
You feel sick.
Casting: Sandblast (safe; 2% risk of failure)
Confirm with . or Enter, or press ? or * to list all spells.
Aiming: Sandblast (safe; 2% risk of failure)
Press: ? - help, Shift-Dir - straight line, f - orc
Aim: an orc The blast of sand hits the orc.
The orc is severely wounded.
b - 19 stones You feel sick.
The orc closely misses you. The orc hits you.
* * * LOW HITPOINT WARNING * * *
The orc barely misses you.
Casting: Sandblast (safe; 2% risk of failure)
Confirm with . or Enter, or press ? or * to list all spells.
You don't have enough magic to cast that spell.
You aren't carrying any potions.
You aren't carrying any potions.
Really read
d - a scroll labeled WAZIRA VEOBB {!r}?
As you read the scroll labeled WAZIRA VEOBB {!r}, it crumbles to dust.
It is a scroll of identify.
a - 2 scrolls of immolation {!r} You feel sick.
The orc hits you.
* * * LOW HITPOINT WARNING * * *
The orc misses you.
You closely miss the orc.
The orc is severely wounded.
* * * LOW HITPOINT WARNING * * *
You feel sick. The orc hits you but does no damage. The orc misses you.
You barely miss the orc.
The orc is severely wounded.
The orc hits you.
* * * LOW HITPOINT WARNING * * *
The orc hits you.
You die...

# ##!.##.)##
.##.o####.)##
....##
##..### ...<#
##...##
#^.>##
##...##
.....##
##...##
......#
##..!#
.###.♣.#
##oo# ## .∩.♣
##@# # #♣..
### #.# .#


You could see 2 orcs.

Vanquished Creatures
  2 orc wizards (D:4)
  An orc priest (D:2)
  2 adders
  A dart slug (D:1)
  A leopard gecko (D:1)
  4 orcs
  A ball python (D:2)
  2 hobgoblins
  A quokka (D:3)
  A frilled lizard (D:2)
  2 goblins
  2 kobolds
  3 rats
23 creatures vanquished.

Notes
Turn   | Place    | Note
-------+----------+-------------------------------------------
     0 | D:1      | Amnesiac the Vampire Earth Elementalist began the quest for
                  | the Orb.
     0 | D:1      | Reached XP level 1. HP: 13/13 MP: 3/3
   189 | D:1      | Reached XP level 2. HP: 19/19 MP: 1/5
   193 | D:1      | Learned a level 2 spell: Passwall
   319 | D:2      | Reached skill level 4 in Earth Magic
   319 | D:2      | Reached XP level 3. HP: 16/24 MP: 1/6
   393 | D:3      | HP: 1/24 [orc/+0 flail (5)]
   483 | D:2      | HP: 1/24 [orc/+0 flail (8)]
   580 | D:3      | Reached XP level 4. HP: 30/30 MP: 5/8
   594 | D:4      | Found Feiclo's Armour Boutique.
   629 | D:4      | Slain by an orc

Illustrated notes

Levels and vault maps discovered:
D:1:      dpeg_arrival_round_b, layout_rooms, serial_forest,
          infiniplex_forest_straight_2, infiniplex_forest_end_2,
          infiniplex_forest_end_1, infiniplex_forest_clump_diagonal,
          infiniplex_forest_lined_room_3, minivault_4,
          nemelex_diamond_rough_becter
D:2:      layout_loops_ring, lemuel_coloured_pillars_altar, first_ration,
          grunt_decor_mini_mirrors, grunt_dithmenos_smoke
D:3:      layout_loops_ring, kennysheep_generic_room_7
D:4:      layout_layer_cave, marbit_many_paths, gammafunk_ghost_smash,
          serial_shops, nicolae_shop_trees, uniq_ijyb

Skill      XL: |  1  2  3  4 |
---------------+-------------+-----
Earth Magic    | 4 |  4.9
Spellcasting   | 3 |  3.1
Dodging        | |  2.1
Stealth        | |  3.0
Transmutations | |  1.1

Action                   |  1- 3 |  4- 6 || total
-------------------------+-------+-------++-------
Melee: Unarmed           |    47 |     2 ||    49
       Bite              |     7 |       ||     7
 Cast: Sandblast         |    31 |    10 ||    41
  Use: Scroll            |     1 |     1 ||     2
 Stab: Sleeping          |     1 |       ||     1
Armor: Robe              |    15 |     2 ||    17
Dodge: Dodged            |    51 |    20 ||    71

Table legend:
 A = Non-vault XP
 B = Vault XP
 C = Vault XP percentage of total XP
 D = Non-vault monster count
 E = Vault monster count
 F = Vault count percentage of total count
                 A         B        C        D         E       F
            +---------+---------+-------+---------+---------+-------
      Total |     181 |       0 |   0.0 |      23 |       0 |   0.0
            +---------+---------+-------+---------+---------+-------
        D:1 |      13 |       0 |   0.0 |       7 |       0 |   0.0
        D:2 |      69 |       0 |   0.0 |      10 |       0 |   0.0
        D:3 |      21 |       0 |   0.0 |       4 |       0 |   0.0
        D:4 |      78 |       0 |   0.0 |       2 |       0 |   0.0
            +---------+---------+-------+---------+---------+-------
